 Dungeon Crawl Stone Soup version 0.26-a0-771-g060e6a62af (webtiles) character file.

Game seed: 5148229997059563320

6757 selver the Tainter (level 10, 0/63 HPs)
             Began as a Demonspawn Venom Mage on Nov 9, 2020.
             Was a Priest of Kikubaaqudgha.
             Slain by a four-headed hydra (2 damage)
             ... on level 1 of the Lair of Beasts.
             The game lasted 01:18:00 (12245 turns).

selver the Tainter (Demonspawn Venom Mage)         Turns: 12245, Time: 01:18:02

Health: 0/63       AC:  7    Str: 10    XL:     10   Next: 75%
Magic:  0/22       EV: 14    Int: 19    God:    Kikubaaqudgha [***...]
Gold:   484        SH:  5    Dex: 13    Spells: 2/25 levels left

rFire    . . .     SeeInvis .   e - +2 dagger (elec)
rCold    + + .     Faith    .   (no shield)
rNeg     + . .     Spirit   +   n - +2 robe {rC+}
rPois    .         Reflect  +   D - +1 hat
rElec    .         Harm     .   (no cloak)
rCorr    .         Rampage  .   (no gloves)
MR       .....                  d - +1 pair of boots
Stlth    ++........             y - amulet of reflection
HPRegen  0.20/turn              t - ring of protection from cold
MPRegen  0.18/turn              q - ring of positive energy

@: swift, very quick
A: claws 2, repulsion field 1, magic shield, rot immunity
a: Receive Corpses, Renounce Religion


You were on level 1 of the Lair of Beasts.
You worshipped Kikubaaqudgha.
Kikubaaqudgha was most pleased with you.
You visited 3 branches of the dungeon, and saw 10 of its levels.

You collected 484 gold pieces.

Inventory:

Hand Weapons
 e - a +2 dagger of electrocution (weapon)
 A - a +0 dagger of distortion
Armour
 d - a +1 pair of boots (worn)
 n - a +2 robe of cold resistance (worn)
 D - a +1 hat (worn)
Jewellery
 i - an uncursed ring of stealth
 q - a ring of positive energy (right claw)
 t - a ring of protection from cold (left claw)
 w - an uncursed ring of flight
 y - an amulet of reflection (around neck)
 z - an uncursed ring of wizardry {unknown}
Wands
 h - a wand of iceblast (19)
 v - a wand of random effects (8)
Scrolls
 b - 2 scrolls of teleportation
 g - a scroll of amnesia {unknown}
 k - 2 scrolls of enchant weapon
 u - a scroll of remove curse
Potions
 f - 2 potions of heal wounds {unknown}
 j - a potion of invisibility {unknown}
 l - 2 potions of attraction
 m - 3 potions of mutation {unknown}
 o - 2 potions of haste
 p - a potion of brilliance {unknown}
 r - 2 potions of flight {unknown}
 s - a potion of ambrosia {unknown}
 x - a potion of resistance


   Skills:
 - Level 1.7 Dodging
 - Level 1.7 Stealth
 * Level 8.4 Spellcasting
 - Level 3.0 Conjurations
 + Level 4.6 Necromancy
 - Level 4.0 Transmutations
 - Level 4.0 Fire Magic
 * Level 6.6 Air Magic
 - Level 9.0 Poison Magic


You had 2 spell levels left.
You knew the following spells:

 Your Spells              Type           Power        Failure   Level
a - Sting                 Tmut/Pois      ####         1%          1
b - Poisonous Vapours     Pois/Air       #####.       1%          2
c - Mephitic Cloud        Conj/Pois/Air  ####....     1%          3
d - Olgreb's Toxic Radia  Pois           #####...     2%          4
e - Swiftness             Air            ####....     1%          2
f - Ignite Poison         Fire/Tmut/Pois ####....     2%          3
g - Airstrike             Air            ####......   6%          4
h - Vampiric Draining     Necr           ####......   4%          3
i - Shock                 Conj/Air       ####         1%          1

Your spell library contained the following spells:

 Spells                   Type           Power        Failure   Level
 Animate Skeleton         Necr           ####..       1%          1
 Pain                     Necr           ####         1%          1
 Sublimation of Blood     Necr           ####......   1%          2
 Static Discharge         Conj/Air       ####....     3%          3
 Dispel Undead            Necr           ####....     13%         4
 Lightning Bolt           Conj/Air       ####......   32%         5
 Agony                    Necr           ####....     36%         5
 Excruciating Wounds      Necr           ####......   36%         5
 Borgnjor's Vile Clutch   Necr/Erth      ###.......   67%         5
 Simulacrum               Ice/Necr       ###.......   99%         6


Dungeon Overview and Level Annotations

Branches:
Dungeon (8/15)             Temple (1/1) D:5            Lair (1/6) D:8

Altars:
Ashenzari
Dithmenos
Elyvilon
Fedhas
Gozag
Hepliaklqana
Kikubaaqudgha
Makhleb
Okawaru
Qazlal
Ru
Sif Muna
Trog
Uskayaw
Vehumet
Wu Jian
Zin
The Shining One

Shops:
D:7 [


Innate Abilities, Weirdness & Mutations

You have very sharp fingernails.
You are surrounded by a mild repulsion field. (EV +2)
When hurt, damage is shared between your health and your magic reserves.
You are immune to rotting.


Message History

Aim: a four-headed hydra The air twists around and strikes the four-headed hydra!
The four-headed hydra is lightly wounded.
The four-headed hydra barely misses you.
The four-headed hydra bites you! x2
You block the four-headed hydra's attack.
Casting: Airstrike (dangerous; 6% risk of failure)
Confirm with . or Enter, or press ? or * to list all spells.
You feel quick. The four-headed hydra bites you! x2
* * * LOW HITPOINT WARNING * * *
You block the four-headed hydra's attack.
The four-headed hydra bites you.
* * * LOW HITPOINT WARNING * * *
Magic courses through your body. The four-headed hydra bites you.
* * * LOW HITPOINT WARNING * * *
The four-headed hydra bites you!
* * * LOW HITPOINT WARNING * * *
The four-headed hydra bites you!
You die...
Kikubaaqudgha rasps: "You have failed me!
Welcome... death!"

.......
.......##
.........
........#
P.......###
#...$..#.#
#...D.#
#P.@.#
####.# ##


You could see a four-headed hydra.

Vanquished Creatures
  Gastronok (D:8)
  A two-headed ogre (D:8)
  A black mamba (D:8)
  A komodo dragon (D:8)
  Sigmund (D:3)
  A wyvern (D:8)
  4 fire bats (D:8)
  A hell hound (D:8)
  2 sky beasts (D:5)
  An orc warrior (D:8)
  A black bear (D:7)
  2 ogres
  A necrophage (D:7)
  A centaur (D:7)
  3 big kobolds
  3 bullfrogs
  A wyvern zombie (D:6)
  A water moccasin zombie (D:4)
  3 killer bees (D:8)
  4 wights (D:8)
  A bullfrog zombie (D:6)
  A centaur zombie (D:7)
  A lava snake (D:8)
  6 orc priests
  4 hounds
  2 centaur skeletons
  Crazy Yiuf (D:3)
  A gnoll shaman (D:6)
  Ijyb (D:5)
  2 iguanas
  9 orc wizards
  8 worker ants
  2 hound zombies
  2 hound skeletons
  2 worker ant zombies (D:8)
  18 gnolls
  10 adders
  4 shadow imps
  A white imp (D:6)
  An ufetubus (D:7)
  An ooze (D:4)
  2 adder skeletons
  An adder zombie (D:7)
  2 worms
  3 dart slugs
  10 leopard geckos
  33 orcs
  2 ball pythons
  5 bats
  7 giant cockroaches
  15 goblins
  11 hobgoblins
  9 jackals
  3 quokkas
  7 frilled lizards
  15 kobolds
  6 rats
  2 fire vortices (D:8)
245 creatures vanquished.

Vanquished Creatures (others)
  A lava snake (D:8)
  A fire vortex (D:8)
  31 plants (D:8)
33 creatures vanquished.

Grand Total: 278 creatures vanquished

Notes
Turn   | Place    | Note
-------+----------+-------------------------------------------
     0 | D:1      | selver the Demonspawn Venom Mage began the quest for the
                  | Orb.
     0 | D:1      | Reached XP level 1. HP: 13/13 MP: 3/3
   261 | D:1      | Gained mutation: When hurt, damage is shared between your
                  | health and your magic reserves. [demonic ancestry]
   261 | D:1      | Reached XP level 2. HP: 13/19 MP: 1/5
   640 | D:1      | Gained mutation: You have sharp fingernails. [demonic
                  | ancestry]
   640 | D:1      | Reached XP level 3. HP: 20/24 MP: 3/6
   680 | D:1      | Learned a level 2 spell: Poisonous Vapours
  1266 | D:2      | Reached skill level 4 in Poison Magic
  1504 | D:2      | Found a broken altar of Ashenzari.
  1878 | D:2      | Reached XP level 4. HP: 30/30 MP: 5/7
  3240 | D:3      | Found a runed translucent door.
  3241 | D:3      | Noticed Crazy Yiuf
  3269 | D:3      | Killed Crazy Yiuf
  3269 | D:3      | Reached skill level 5 in Poison Magic
  3538 | D:3      | Noticed Sigmund
  3557 | D:3      | Reached skill level 1 in Air Magic
  3576 | D:3      | Learned a level 3 spell: Mephitic Cloud
  3608 | D:4      | Reached XP level 5. HP: 25/35 MP: 3/9
  3847 | D:4      | Gained mutation: You are immune to rotting. [demonic
                  | ancestry]
  3847 | D:4      | Reached XP level 6. HP: 34/41 MP: 3/10
  4287 | D:4      | Reached skill level 6 in Poison Magic
  4294 | D:4      | Learned a level 4 spell: Olgreb's Toxic Radiance
  4766 | D:3      | Found a glowing silver altar of Zin.
  4766 | D:3      | Noticed an angel
  4926 | D:3      | Killed Sigmund
  4926 | D:3      | Reached skill level 1 in Conjurations
  4926 | D:3      | Reached XP level 7. HP: 41/46 MP: 8/12
  4939 | D:3      | Learned a level 2 spell: Swiftness
  5200 | D:3      | Found a hazy altar of Hepliaklqana.
  5294 | D:3      | Found a stormy altar of Qazlal.
  5409 | D:5      | Entered Level 5 of the Dungeon
  5767 | D:5      | Noticed Ijyb
  5777 | D:5      | Killed Ijyb
  6319 | D:5      | Found a staircase to the Ecumenical Temple.
  6333 | Temple   | Entered the Ecumenical Temple
  6362 | Temple   | Became a worshipper of Kikubaaqudgha
  6710 | D:5      | Reached skill level 7 in Poison Magic
  6715 | D:5      | Gained mutation: You are surrounded by a mild repulsion
                  | field. (EV +2) [demonic ancestry]
  6715 | D:5      | Reached XP level 8. HP: 38/52 MP: 4/14
  6800 | D:5      | Learned a level 3 spell: Ignite Poison
  6867 | D:6      | Reached skill level 1 in Transmutations
  7358 | D:6      | Reached skill level 1 in Fire Magic
  7710 | D:6      | Reached * piety under Kikubaaqudgha
  7710 | D:6      | Identified Kikubaaqudgha's Handbook of Darkness
                  | (Kikubaaqudgha gifted it to you on level 6 of the Dungeon)
  7710 | D:6      | Received a gift from Kikubaaqudgha
  8433 | D:7      | Found a hide-covered altar of Uskayaw.
  9253 | D:7      | Gained mutation: You have very sharp fingernails. [demonic
                  | ancestry]
  9253 | D:7      | Reached XP level 9. HP: 57/57 MP: 11/16
  9254 | D:7      | Reached skill level 8 in Poison Magic
  9287 | D:7      | Found Utora's Antique Armour Emporium.
  9305 | D:7      | Reached ** piety under Kikubaaqudgha
  9556 | D:8      | Found a white marble altar of Elyvilon.
  9560 | D:8      | Found an ornate altar of the Wu Jian Council.
 10240 | D:8      | Reached skill level 5 in Spellcasting
 10252 | D:8      | Noticed a two-headed ogre
 10420 | D:7      | Reached *** piety under Kikubaaqudgha
 10420 | D:7      | Identified Kikubaaqudgha's Catalogue of Necromancy
                  | (Kikubaaqudgha gifted it to you on level 7 of the Dungeon)
 10420 | D:7      | Received a gift from Kikubaaqudgha
 10544 | D:8      | Killed a two-headed ogre
 10544 | D:8      | Reached skill level 9 in Poison Magic
 10698 | D:8      | Learned a level 4 spell: Airstrike
 10756 | D:8      | Reached XP level 10. HP: 53/63 MP: 12/20
 11009 | D:8      | Found a staircase to the Lair.
 11051 | D:8      | Found a burning altar of Makhleb.
 11162 | D:8      | Reached skill level 5 in Air Magic
 11166 | D:8      | Noticed Gastronok
 11175 | D:8      | Killed Gastronok
 12002 | D:8      | Learned a level 3 spell: Vampiric Draining
 12004 | D:8      | Learned a level 1 spell: Shock
 12069 | Lair:1   | Entered Level 1 of the Lair of Beasts
 12069 | Lair:1   | Noticed a four-headed hydra
 12069 | Lair:1   | Noticed a black mamba
 12083 | D:8      | Killed a black mamba
 12245 | Lair:1   | HP: 3/63 [four-headed hydra (2)]
 12245 | Lair:1   | Slain by a four-headed hydra

Illustrated notes

Levels and vault maps discovered:
D:1:      evilmike_arrival_rings, layout_rooms, serial_glass, glass_columns_b,
          glass_columns_b, glass_columns_a, glass_columns_b, glass_columns_a,
          glass_columns_a, glass_columns_c, glass_columns_a
D:2:      layout_basic, evilmike_ruin_ashenzari
D:3:      layout_basic, zin_angel, lemuel_doored_altar, lemuel_round_altar,
          uniq_crazy_yiuf_cottage, uniq_sigmund
D:4:      layout_basic
D:5:      layout_loops_corners, minmay_temple_entry_butterflies, uniq_ijyb
D:6:      layout_basic
D:7:      layout_basic, eat_drink_and_be_merry_uskayaw, serial_shops,
          kennysheep_mini_moat
D:8:      layout_basic, bloody_makhleb, grunt_temple_overflow_open,
          david_lair_shrubbed, grunt_ministairs_11, hangedman_incinerator,
          uniq_gastronok
Temple:   eino_narrow_crystal_temple
Lair:1:   layout_cave_pods, gauntlet_entry_generic,
          chequers_serial_rivers_micro_e, grunt_megastairs_5

Skill      XL: |  1  2  3  4  5  6  7  8  9 10 |
---------------+-------------------------------+-----
Poison Magic   | 4 5 6 7 9 |  9.0
Air Magic      | 1 2 3 4 6 |  6.6
Spellcasting   | 3 4 6 8 |  8.4
Conjurations   | 1 2 3 |  3.0
Transmutations | 3 4 |  4.0
Fire Magic     | 3 4 |  4.0
Necromancy     | 2 4 |  4.6
Dodging        | |  1.7
Stealth        | |  1.7

Action                   |  1- 3 |  4- 6 |  7- 9 | 10-12 || total
-------------------------+-------+-------+-------+-------++-------
Melee: Dagger            |    72 |    81 |   210 |    30 ||   393
       Unarmed           |     2 |       |    42 |       ||    44
 Cast: Sting             |    57 |    30 |     8 |       ||    95
       Poisonous Vapours |     1 |    34 |    71 |     9 ||   115
       Mephitic Cloud    |       |     3 |    10 |     6 ||    19
       Olgreb's Toxic Ra |       |       |    19 |     1 ||    20
       Ignite Poison     |       |       |    21 |     9 ||    30
       Swiftness         |       |       |     2 |     1 ||     3
       Airstrike         |       |       |       |    19 ||    19
       Vampiric Draining |       |       |       |     2 ||     2
  Use: Potion            |     1 |     3 |     9 |     6 ||    19
       Scroll            |       |     9 |     3 |     1 ||    13
 Stab: Sleeping          |     1 |     1 |     1 |       ||     3
       Confused          |       |       |     3 |     1 ||     4
Armor: Robe              |    33 |    17 |    65 |     7 ||   122
       Skin              |       |       |     1 |       ||     1
Dodge: Dodged            |    83 |    57 |   173 |    27 ||   340
Block: Other             |       |       |    20 |     9 ||    29
       Reflection        |       |       |     1 |       ||     1

Table legend: (Time is in decaauts)
 A = Elapsed time spent in this place.
 B = Non-inter-level travel time spent in this place.
 C = Inter-level travel time spent in this place.
 D = Time resting spent in this place.
 E = Time spent auto-exploring this place.
 F = Levels seen in this place.
 G = Mean time per level.
                   A        B        C        D        E       F      G
               +--------+--------+--------+--------+--------+-----+--------+
         Total |  12248 |  11858 |    390 |   4724 |   5099 |  10 | 1224.8 |
       Dungeon |  12195 |  11820 |    375 |   4724 |   5089 |   8 | 1524.4 |
        Temple |     43 |     28 |     15 |      0 |     10 |   1 |   43.0 |
          Lair |      9 |      9 |      0 |      0 |      0 |   1 |    9.0 |
               +--------+--------+--------+--------+--------+-----+--------+

Top non-repeatable levels by time:
     D:8: 2099 daAuts
     D:7: 1727 daAuts
     D:2: 1725 daAuts
     D:5: 1616 daAuts
     D:6: 1344 daAuts
     D:3: 1320 daAuts
     D:1: 1203 daAuts
     D:4: 1158 daAuts
  Temple: 43 daAuts
  Lair:1: 9 daAuts
